 Dungeon Crawl Stone Soup version 0.20.0-4-g10b340a (webtiles) character file.

8970 tv1990 the Cleaver (level 11, 0/89 HPs)
             Began as a Formicid Abyssal Knight on May 27, 2017.
             Was an Elder of Lugonu.
             Splashed by a brown ugly thing's acid (8 damage)
             ... on level 11 of the Dungeon.
             The game lasted 00:24:45 (11344 turns).

tv1990 the Cleaver (Formicid Abyssal Knight)       Turns: 11344, Time: 00:24:45

Health: 0/89       AC: 11    Str: 20    XL:     11   Next: 65%
Magic:  18/18      EV:  6    Int: 11    God:    Lugonu [****..]
Gold:   444        SH:  4    Dex: 11    Spells: 10/10 levels left

rFire    . . .     SeeInvis +   D - +2 hand axe (elec)
rCold    . . .     Gourm    .   E - +0 buckler
rNeg     + . .     Faith    .   o - +0 plate armour (curse)
rPois    .         Spirit   .   (helmet unavailable)
rElec    .         Reflect  .   (no cloak)
rCorr    .         Harm     .   t - +0 pair of gloves
MR       +....                  (no boots)
Stlth    ..........             (no amulet)
Regen    0.3/turn               f - ring of positive energy
MPRegen  0.2/turn               B - ring of stealth

@: corroded
A: permanent stasis, dig shafts and tunnels, four strong arms, antennae 3,
blurry vision 1, clumsy 1, shaggy fur 1, strong 1
a: Dig, Shaft Self, Depart the Abyss, Bend Space, Banish, Corrupt, Renounce
Religion


You were on level 11 of the Dungeon.
You worshipped Lugonu.
Lugonu was greatly pleased with you.
You were not hungry.

You visited 2 branches of the dungeon, and saw 12 of its levels.
You visited the Abyss 1 time.

You collected 631 gold pieces.
You spent 187 gold pieces at shops.

Inventory:

Hand Weapons
 a - a +2 hand axe
 n - a +0 war axe
 D - a +2 hand axe of electrocution (weapon)
Armour
 b - a +0 leather armour
 g - a +1 ring mail
 o - a cursed +0 plate armour (worn)
 t - a +0 pair of gloves (worn)
 E - a +0 buckler (worn)
 H - a +0 pair of boots
Jewellery
 f - a ring of positive energy (left hand)
 B - a ring of stealth (right hand)
 G - an uncursed ring of ice
 L - an uncursed ring of wizardry {unknown}
 M - a cursed ring of teleportation {unknown}
Wands
 e - a wand of disintegration (10/24)
 h - a wand of acid (6/15)
 i - a wand of disintegration (24/24)
 w - a wand of digging (11/24)
 J - a wand of flame (8/48)
Scrolls
 p - 2 scrolls of amnesia
 r - a scroll of recharging
 u - 4 scrolls of remove curse
 v - 3 scrolls of enchant weapon
 y - a scroll of enchant armour
 I - a scroll of identify
 N - a scroll of immolation
Potions
 d - a potion of degeneration
 j - a potion of ambrosia
 m - 3 potions of flight
 A - a potion of mutation {unknown}
 C - a potion of cancellation {unknown}
 F - a potion of might {unknown}
Books
 l - a book of Minor Magic

   Spells                             Type                      Level
   a - Magic Dart                     Conjuration                  1
   b - Blink                          Translocation                2
   c - Call Imp                       Summoning                    2
   d - Slow                           Hexes                        2
   e - Conjure Flame                  Conjuration/Fire             3
   f - Mephitic Cloud                 Conjuration/Poison/Air       3
 s - a book of Misfortune

   Spells                             Type                      Level
   a - Confusing Touch                Hexes                        1
   b - Confuse                        Hexes                        3
   c - Gell's Gravitas                Translocation                3
   d - Petrify                        Transmutation/Earth          4
   e - Metabolic Englaciation         Hexes/Ice                    5
   f - Yara's Violent Unravelling     Hexes/Transmutation          5
 K - a book of Party Tricks

   Spells                             Type                      Level
   a - Summon Butterflies             Summoning                    1
   b - Apportation                    Translocation                1
   c - Lesser Beckoning               Translocation                3
   d - Tukima's Dance                 Hexes                        3
   e - Alistair's Intoxication        Transmutation/Poison         5
   f - Invisibility                   Hexes                        6
Comestibles
 c - 6 bread rations
 k - 10 meat rations
 x - 7 royal jellies
 z - 4 chunks of flesh


   Skills:
 + Level 9.0 Fighting
 * Level 11.4 Axes
 + Level 7.6 Armour
 - Level 0.8 Dodging
 - Level 4.0 Shields
 + Level 9.6 Invocations


You had 10 spell levels left.
You didn't know any spells.

Dungeon Overview and Level Annotations

Branches:
Dungeon (11/15)            Temple (0/1) D:6             Orc (1/2) D:10
   Lair: D:8-11

Altars:
Elyvilon
Fedhas
Gozag
Kikubaaqudgha
Ru
Trog
Uskayaw

Shops:
D:4 :   D:5 *   D:6 (   D:10 *

Annotations:
Orc:1 Josephine


Innate Abilities, Weirdness & Mutations

You cannot be hasted, slowed, berserked, paralysed or teleported.
You can dig through walls and to a lower floor.
Your four strong arms can wield two-handed weapons with a shield.
You have a pair of large antennae on your head. (SInv)
Scrolls take you a little longer to read.
You are clumsy. (Dex -2)
You are covered in fur. (AC +1)
Your muscles are strong. (Str +2)


Message History

* * * LOW HITPOINT WARNING * * *
You hit the brown ugly thing but do no damage.
The brown ugly thing is almost dead.
The brown ugly thing pecks you.
* * * LOW HITPOINT WARNING * * *
You are splashed with acid!
The acid burns!
* * * LOW HITPOINT WARNING * * *
You barely miss the brown ugly thing.
The brown ugly thing is almost dead.
You closely miss the brown ugly thing.
The brown ugly thing is almost dead.
The brown ugly thing pecks you.
* * * LOW HITPOINT WARNING * * *
You are splashed with acid!
The acid burns!
* * * LOW HITPOINT WARNING * * *
Okay, then.
You feel better. The brown ugly thing pecks you.
* * * LOW HITPOINT WARNING * * *
The acid corrodes you!
You are splashed with acid!
The acid burns!
You die...

#..#..#.#
##..########
#..#..#.#
#.##
#########
#.# #.# #.#
#.# ##.#
#..# #@##
#....u...#
#........#
#...?....#
#........#
+........#
#>.......+
#........#


You could see a brown ugly thing.

Vanquished Creatures
  Erolcha (D:9)
  3 two-headed ogres
  A manticore (D:10)
  The ghost of Mlkhall the Stinger, a novice FoVM (D:3)
  A troll (D:9)
  4 hogs (D:11)
  A human (D:11)
  A warg (D:10)
  2 ice beasts
  2 orc warriors
  4 sky beasts
  A black bear (D:10)
  4 ogres
  A phantom (D:10)
  A necrophage (D:9)
  4 centaurs
  A big kobold (D:9)
  A gnoll sergeant (D:9)
  3 bullfrogs
  A killer bee (D:8)
  8 wights
  2 howler monkeys
  A centaur zombie (D:7)
  A bullfrog zombie (D:10)
  4 crimson imps
  4 hounds
  A quasit (D:7)
  5 orc priests
  A jelly (D:6)
  A bullfrog skeleton (D:10)
  A centaur skeleton (D:8)
  5 iguanas
  9 orc wizards
  A killer bee zombie (D:10)
  8 worker ants
  A hound skeleton (D:10)
  10 gnolls
  9 adders
  A howler monkey zombie (D:3)
  A shadow imp (D:10)
  An ooze (D:3)
  An adder skeleton (D:6)
  5 worms
  2 dart slugs (D:1)
  5 leopard geckos
  31 orcs
  13 bats
  2 giant cockroaches
  14 goblins
  9 hobgoblins
  5 jackals
  3 quokkas
  3 ball pythons
  A frilled lizard (D:2)
  7 kobolds
  A leopard gecko skeleton (D:5)
  8 rats
223 creatures vanquished.

Vanquished Creatures (others)
  A two-headed ogre (D:9)
  An ugly thing (D:7)
  An orc warrior (D:7)
  A wight (D:9)
  3 fungi (D:8)
7 creatures vanquished.

Grand Total: 230 creatures vanquished

Notes
Turn   | Place    | Note
-------+----------+-------------------------------------------
     0 | Abyss:1  | tv1990 the Formicid Abyssal Knight began the quest for the Orb.
     0 | Abyss:1  | Reached XP level 1. HP: 18/18 MP: 2/2
     2 | D:1      | Escaped the Abyss
    51 | D:1      | Reached * piety under Lugonu
    51 | D:1      | Reached XP level 2. HP: 21/24 MP: 3/3
   408 | D:1      | Reached XP level 3. HP: 27/29 MP: 4/4
   927 | D:2      | Reached skill level 3 in Axes
   938 | D:2      | Reached XP level 4. HP: 12/37 MP: 5/5
  1481 | D:3      | Reached ** piety under Lugonu
  1503 | D:3      | Reached XP level 5. HP: 21/42 MP: 7/7
  2276 | D:3      | Noticed Mlkhall's ghost (novice FoVM)
  2421 | D:3      | Reached XP level 6. HP: 48/48 MP: 8/8
  2442 | D:3      | Killed Mlkhall's ghost
  2442 | D:3      | Reached skill level 4 in Axes
  2442 | D:3      | Reached XP level 7. HP: 55/55 MP: 8/10
  2786 | D:4      | Found an ancient bone altar of Kikubaaqudgha.
  2787 | D:4      | Found a blossoming altar of Fedhas.
  2828 | D:4      | Reached skill level 5 in Axes
  3359 | D:4      | Found Houvext's Book Shop.
  3410 | D:4      | Noticed a dagger
  3410 | D:4      | Noticed a dagger
  3412 | D:4      | Found a hide-covered altar of Uskayaw.
  3451 | D:4      | Reached skill level 5 in Fighting
  3455 | D:4      | Gained mutation: Your muscles are strong. (Str +2) [mutagenic meat]
  3456 | D:4      | Gained mutation: Scrolls take you a little longer to read. [mutagenic meat]
  3458 | D:4      | Gained mutation: You are covered in fur. (AC +1) [mutagenic meat]
  3511 | D:4      | Reached XP level 8. HP: 15/62 MP: 11/11
  3974 | D:4      | Reached skill level 5 in Invocations
  4177 | D:5      | Entered Level 5 of the Dungeon
  4191 | D:5      | Found Kyga's General Store.
  4195 | D:5      | Bought a +0 pair of gloves for 49 gold pieces
  4354 | D:5      | Reached skill level 6 in Axes
  4999 | D:5      | Gained mutation: You are clumsy. (Dex -2) [mutagenic meat]
  5053 | D:6      | Found a staircase to the Ecumenical Temple.
  5070 | D:6      | Reached *** piety under Lugonu
  5304 | D:6      | Found a bloodstained altar of Trog.
  5341 | D:6      | Reached skill level 5 in Armour
  5585 | D:6      | Reached skill level 7 in Axes
  5585 | D:6      | Reached XP level 9. HP: 48/69 MP: 13/13
  5959 | D:6      | Found Rotzafil's Antique Weapon Emporium.
  6107 | D:7      | Noticed a purple ugly thing
  6111 | D:7      | Banished a purple ugly thing
  6314 | D:7      | Found a sacrificial altar of Ru.
  6677 | D:7      | Reached skill level 8 in Axes
  7290 | D:8      | You fall through a shaft!
  7566 | D:9      | Found an opulent altar of Gozag.
  7674 | D:9      | HP: 2/70 [orc warrior/mace (16)]
  7680 | D:9      | Reached XP level 10. HP: 17/77 MP: 15/15
  7987 | D:9      | Found a white marble altar of Elyvilon.
  7991 | D:9      | Noticed a two-headed ogre
  8012 | D:9      | Killed a two-headed ogre
  8012 | D:9      | Reached skill level 9 in Axes
  8334 | D:9      | Noticed a two-headed ogre
  8342 | D:9      | Banished a two-headed ogre
  8342 | D:9      | Reached skill level 1 in Shields
  8853 | D:9      | Noticed a two-headed ogre
  8871 | D:9      | Killed a two-headed ogre
  8871 | D:9      | Reached skill level 10 in Axes
  9302 | D:9      | Noticed Erolcha
  9316 | D:9      | Killed Erolcha
  9316 | D:9      | Reached XP level 11. HP: 42/86 MP: 17/17
  9808 | D:10     | Entered Level 10 of the Dungeon
  9949 | D:10     | Noticed a manticore
  9962 | D:10     | Killed a manticore
 10032 | D:10     | Found Cumiwesh's General Store.
 10062 | D:10     | Reached skill level 11 in Axes
 10082 | D:10     | Bought a +0 pair of boots for 54 gold pieces
 10082 | D:10     | Bought a scroll of identify for 24 gold pieces
 10082 | D:10     | Bought a wand of flame (8/48) for 60 gold pieces
 10377 | D:10     | Noticed a two-headed ogre
 10395 | D:10     | Killed a two-headed ogre
 10665 | D:10     | Found a staircase to the Orcish Mines.
 10672 | D:10     | Reached **** piety under Lugonu
 10681 | Orc:1    | Entered Level 1 of the Orcish Mines
 10681 | Orc:1    | Noticed Josephine
 11324 | D:11     | Noticed a brown ugly thing
 11344 | D:11     | Splashed by a brown ugly thing's acid

Skill      XL: |  1  2  3  4  5  6  7  8  9 10 11 |
---------------+----------------------------------+-----
Axes           | 3 4 5 7 8 10 11 | 11.4
Armour         | 3 4 5 6 7 |  7.6
Invocations    | 3 4 6 7 8 9 |  9.6
Fighting       | 4 5 6 8 9 |  9.0
Shields        | 3 4 |  4.0
Dodging        | |  0.8

Action                   |  1- 3 |  4- 6 |  7- 9 | 10-12 || total
-------------------------+-------+-------+-------+-------++-------
Melee: Hand axe          |    97 |    88 |       |   319 ||   504
       War axe           |       |    44 |   436 |       ||   480
Invok: Depart the Abyss  |     1 |       |       |       ||     1
       Banish            |       |       |     3 |     2 ||     5
       Bend Space        |       |       |     2 |       ||     2
 Abil: Dig               |       |     1 |     4 |     5 ||    10
       Shaft Self        |       |       |     1 |       ||     1
  Use: Scroll            |     7 |     2 |     9 |       ||    18
       Potion            |       |     2 |     3 |     5 ||    10
  Eat: Chunk             |       |     5 |    21 |    12 ||    38
       Bread ration      |       |       |     1 |       ||     1
Armor: Leather armour    |     8 |       |       |       ||     8
       Ring mail         |    46 |    27 |       |       ||    73
       Plate armour      |       |    35 |   332 |   129 ||   496
       Skin              |       |     6 |       |     2 ||     8
Dodge: Dodged            |    74 |    56 |   146 |    76 ||   352
Block: Buckler           |       |       |       |    39 ||    39

Vault maps used:
D:1:      eino_arrival_water_cross, hangedman_abyss_or_decor_lesser_grid
D:2:      cheibrodos_greedy_goblins
D:4:      grunt_temple_overflow_growth_and_decay, dancing_weapons_uskayaw,
          first_bread, serial_shops, shop, minmay_ogre_servants
D:5:      serial_shops, shop
D:6:      temple_doors_e, serial_shops, kennysheep_mini_moat, trog_book
D:7:      kennysheep_mini
D:8:      cheibrodos_ashenzari_chains, due_lair_maze_entry_diamond, uniq_erica
D:9:      nicolae_gozag_seed_capital, elyvilon_altar_5, uniq_erolcha
D:10:     erik_orc_3, serial_shops, shop
D:11:     grunt_livestock, kennysheep_generic_room_2, uniq_gastronok,
          uniq_fannar
Orc:1:    uniq_josephine
